 Dungeon Sprint DCSS version 0.18.1-5-g4a78601 (webtiles) character file.

497 OfficerJojo the Thaumaturge (level 6, 0/35 HPs)
             Began as a Deep Elf Air Elementalist on May 11, 2016.
             Was a Believer of Vehumet.
             Slain by a giant frog (6 damage)
             ... in the Dungeon (Sprint IX: "|||||||||||||||||||||||||||||").
             The game lasted 00:03:14 (394 turns).

OfficerJojo the Thaumaturge (DEAE)                   Turns: 394, Time: 00:03:15

Health: 0/35       AC:  2    Str:  5    XL:     6   Next: 93%
Magic:  7/21       EV: 17    Int: 22    God:    Vehumet [**....]
Gold:   0          SH:  0    Dex: 15    Spells: 4 memorised, 17 levels left

rFire  . . .     SeeInvis .     n - staff of energy
rCold  . . .     Gourm    .     a - +0 robe
rNeg   . . .     Faith    .     (no shield)
rPois  .         Spirit   .     (no helmet)
rElec  .         Dismiss  .     (no cloak)
rCorr  .         Reflect  .     (no gloves)
SustAt .         Harm     .     (no boots)
MR     .....     NoTele   +     (no amulet)
Stlth  +++.......               (no ring)
                                (no ring)

@: not resistant to hostile enchantments, fairly stealthy
A: no striking features
a: Renounce Religion


You were in the Dungeon.
You worshipped Vehumet.
Vehumet was pleased with you.
You were not hungry.

You visited 1 branch

Inventory:

Armour
 a - a +0 robe (worn)
 p - a +0 cloak
Magical Staves
 n - an uncursed staff of energy (weapon)
Jewellery
 q - a +2 ring of evasion
 r - a +2 ring of protection
Wands
 o - a wand of lightning (7/15)
Scrolls
 i - 2 scrolls of blinking
 l - 2 scrolls of amnesia
 m - 3 scrolls of remove curse
Potions
 d - 5 potions of curing
 e - 3 potions of heal wounds
 f - a potion of haste
 g - 3 potions of magic
 h - a potion of berserk rage
 k - a potion of invisibility
Books
 b - a book of Air

   Spells                             Type                      Level
   a - Shock                          Conjuration/Air              1
   b - Swiftness                      Charms/Air                   2
   c - Repel Missiles                 Charms/Air                   2
   d - Static Discharge               Conjuration/Air              3
   e - Lightning Bolt                 Conjuration/Air              5
Comestibles
 c - a bread ration


   Skills:
 + Level 1.7 Fighting
 + Level 7.9 Dodging
 + Level 6.2 Stealth
 + Level 0.4 Unarmed Combat
 + Level 10.0 Spellcasting
 + Level 5.6 Conjurations
 + Level 9.2 Air Magic


You had 17 spell levels left.
You knew the following spells:

 Your Spells              Type           Power        Failure   Level  Hunger
a - Shock                 Conj/Air       ####         1%          1    None
b - Repel Missiles        Chrm/Air       ####..       1%          2    None
c - Swiftness             Chrm/Air       ####....     1%          2    None
d - Static Discharge      Conj/Air       #####...     1%          3    None


Dungeon Overview and Level Annotations

Branches:
Dungeon (1/1)

Altars:
Cheibriados
Dithmenos
Elyvilon
Fedhas
Gozag
Kikubaaqudgha
Makhleb
Nemelex Xobeh
Okawaru
Pakellas
Qazlal
Ru
Sif Muna
Trog
Vehumet
Xom
Yredelemnul
Zin
The Shining One
Beogh
Jiyva
Lugonu


Message History

Aim: a giant frog (almost dead)
The zap misses the giant frog.
The zap hits the big kobold.
You kill the big kobold!
Vehumet accepts your kill.
Your Conjurations skill increases to level 5!
The zap hits the orc warrior.
You kill the orc warrior!
Vehumet accepts your kill.
You feel your power returning.
Your Stealth skill increases to level 6!
Your Spellcasting skill increases to level 10!
Your Air Magic skill increases to level 9!
The giant frog closely misses you. The giant frog completely misses you.
Casting: Shock
Confirm with . or Enter, or press ? or * to list all spells.
Aiming: Shock
Press: ? - help, Shift-Dir - straight line, f/p - giant frog
Aim: a giant frog (almost dead)
The zap misses the giant frog.
The giant frog hits you.
You die...

▓.▓
▓.▓
▓)▓
▓)▓
▓)▓
▓)▓
▓F▓
▓@▓
▓.▓
▓[▓
▓[▓
▓.▓
▓)▓
▓.▓
▓.▓
▓.▓


You could see a giant frog.

Vanquished Creatures
  A two-headed ogre (D)
  An orc warrior (D)
  A big kobold (D)
  A crimson imp (D)
  A hound (D)
  2 orc wizards (D)
  An adder (D)
  A shadow imp (D)
  2 goblins (D)
  A hobgoblin (D)
  A quokka (D)
  2 rats (D)
15 creatures vanquished.

Notes
Turn   | Place    | Note
--------------------------------------------------------------
     0 | D        | OfficerJojo the Deep Elf Air Elementalist began the quest for the Orb.
     0 | D        | Reached XP level 1. HP: 10/10 MP: 6/6
    34 | D        | Noticed a crimson imp
    34 | D        | Noticed a hound
    35 | D        | Reached skill level 4 in Spellcasting
    39 | D        | Killed a hound
    39 | D        | Reached skill level 5 in Spellcasting
    39 | D        | Reached skill level 5 in Air Magic
    39 | D        | Reached XP level 2. HP: 13/15 MP: 2/10
    39 | D        | Reached XP level 3. HP: 17/19 MP: 2/11
   107 | D        | Found a glowing silver altar of Zin.
   107 | D        | Found a glowing golden altar of the Shining One.
   107 | D        | Found an ancient bone altar of Kikubaaqudgha.
   107 | D        | Found a basalt altar of Yredelemnul.
   107 | D        | Found a shimmering altar of Xom.
   107 | D        | Found a radiant altar of Vehumet.
   108 | D        | Found an iron altar of Okawaru.
   109 | D        | Found a burning altar of Makhleb.
   110 | D        | Found a deep blue altar of Sif Muna.
   111 | D        | Found a bloodstained altar of Trog.
   112 | D        | Found a sparkling altar of Nemelex Xobeh.
   113 | D        | Found a white marble altar of Elyvilon.
   114 | D        | Found a roughly hewn altar of Beogh.
   115 | D        | Became a worshipper of Vehumet
   126 | D        | Found a viscous altar of Jiyva.
   127 | D        | Found a corrupted altar of Lugonu.
   128 | D        | Found a blossoming altar of Fedhas.
   130 | D        | Found a snail-covered altar of Cheibriados.
   131 | D        | Found a shadowy altar of Dithmenos.
   132 | D        | Found a stormy altar of Qazlal.
   133 | D        | Found an opulent altar of Gozag.
   134 | D        | Found a sacrificial altar of Ru.
   135 | D        | Found an oddly glowing altar of Pakellas.
   169 | D        | Reached skill level 6 in Spellcasting
   169 | D        | Reached XP level 4. HP: 7/24 MP: 11/14
   375 | D        | Learned a level 2 spell: Repel Missiles
   378 | D        | Learned a level 2 spell: Swiftness
   382 | D        | Learned a level 3 spell: Static Discharge
   384 | D        | Noticed an orc warrior
   384 | D        | Noticed a two-headed ogre
   384 | D        | Noticed a big kobold
   384 | D        | Noticed a giant frog
   390 | D        | Reached skill level 5 in Dodging
   390 | D        | Killed a two-headed ogre
   390 | D        | Reached * piety under Vehumet
   390 | D        | Offered knowledge of Freeze by Vehumet.
   390 | D        | Reached skill level 1 in Fighting
   390 | D        | Reached skill level 5 in Stealth
   390 | D        | Reached skill level 9 in Spellcasting
   390 | D        | Reached XP level 5. HP: 10/29 MP: 8/18
   390 | D        | Reached XP level 6. HP: 12/34 MP: 8/20
   393 | D        | Reached skill level 5 in Conjurations
   393 | D        | Killed an orc warrior
   393 | D        | Reached ** piety under Vehumet
   393 | D        | Reached skill level 10 in Spellcasting
   394 | D        | Slain by a giant frog

Skill      XL: |  1  2  3  4  5  6 |
---------------+-------------------+-----
Spellcasting   | 5 6 9 10 | 10.0
Dodging        | 3 4 7 |  7.9
Stealth        | 3 4 5 6 |  6.2
Air Magic      | 5 6 8 9 |  9.2
Conjurations   | 2 4 5 |  5.6
Fighting       | 1 |  1.7
Unarmed Combat | |  0.4

Action                   |  1- 3 |  4- 6 || total
-------------------------+-------+-------++-------
Melee: Unarmed           |    18 |       ||    18
 Cast: Shock             |    26 |    11 ||    37
  Use: Potion            |     1 |       ||     1
Armor: Robe              |     3 |     1 ||     4
Dodge: Dodged            |    24 |     7 ||    31
